AoeStats
← Toblerone Order

Pilgrims

508608445Analyzed
4v4 RM · 9d ago on Sep 23, 2026· 20m 28s· 8 players
Game mode
Random Map
Map size
Large (8 player)
Population
200
Speed
Normal
Resources
Standard
Victory
Conquest
Starting age
Dark Age
Ending age
Imperial Age
RankedLock teamsTeams togetherTeam positionsShared explorationLock speedFull tech treeHidden civsTurbo modeCheats
Victory
Defeat
🇺🇸 Armenians · United States
1577
+12
🇦🇷 Britons · Argentina
1569
+12
🇩🇴 Dravidians · Dominican Republic
1550
+13
🇹🇷 Varangians · Türkiye
1544
+13
1530
-14
🇯🇵 Saxons · Japan
1517
-13
🇭🇰 Byzantines · Hong Kong SAR China
1491
-13
🇹🇼 Armenians · Taiwan
1422
-10
Lastmantillidie
6:54 Loom
12:22 Feudal Age
13:07 Fishing Lines
13:14 Double-Bit Axe
16:08 Castle Age
14:02 Gold Mining
14:04 Stone Mining
15:22 Fletching
17:13 Medium Warships
17:46 Bow Saw
17:37 Bodkin Arrow
18:01 Gillnets
18:25 Town Watch
RD | El_Zapatero22
13:22 Feudal Age
14:28 Man-at-Arms
17:54 Castle Age
16:39 Double-Bit Axe
18:46 Medium Warships
20:05 Clinker Construction
Asator
8:07 Loom
10:27 Feudal Age
15:13 Castle Age
13:36 Double-Bit Axe
14:17 Gold Mining
14:43 Horse Collar
16:04 Fletching
16:14 Town Watch
16:01 Crossbowman
19:23 Bodkin Arrow
Toblerone Order
7:57 Loom
11:10 Feudal Age
11:15 Man-at-Arms
12:08 Arson
13:14 Forging
13:05 Scale Mail Armor
17:32 Castle Age
15:20 Fishing Lines
16:34 Gold Mining
18:21 Squires
18:43 Chain Mail Armor
18:57 Double-Bit Axe
jardan1234
8:16 Loom
9:09 Loom
11:31 Feudal Age
12:04 Double-Bit Axe
20:16 Castle Age
43 Đoàn Quốc Hưng
3:45 Loom
10:06 Feudal Age
16:08 Castle Age
16:01 Double-Bit Axe
17:00 Fletching
sawadcard
4:48 Loom
11:59 Feudal Age
13:07 Double-Bit Axe
15:38 Castle Age
13:36 Fishing Lines
YEBISU
5:05 Loom
11:31 Feudal Age
12:44 Town Watch
15:43 Castle Age
15:05 Double-Bit Axe
16:31 Fletching
17:27 Medium Warships
16:58 Fishing Lines
17:37 Bodkin Arrow
Connection lost

Rejoining the realm…

Still unreachable

The connection could not be restored.

Session expired

The server has moved on; the page needs a fresh start.